 Dungeon Crawl Stone Soup version 0.29.1-15-g9cfb28693d (webtiles) character file.

Game seed: 4821103640576558281

120234 croobank the Unforgettable (level 16, -3/100 (108) HPs)
             Began as a Demonspawn Fire Elementalist on Apr 19, 2023.
             Was the Champion of Hepliaklqana.
             Killed from afar by a necromancer (15 damage)
             ... with a bolt of negative energy
             ... on level 1 of the Elven Halls.
             The game lasted 02:11:06 (38504 turns).

croobank the Unforgettable (DsFE)                  Turns: 38504, Time: 02:11:06

HP:   -3/100 (108)  AC: 21    Str:  9    XL:     16   Next: 29%
MP:   15/29         EV: 14    Int: 30    God:    Hepliaklqana [******]
Gold: 2711          SH:  0    Dex: 18    Spells: 5/33 levels left

rFire   + + +      SeeInvis +   k - +9 trident "Emukk" {venom, rF+ Int+3 SInv}
rCold   . . .      Faith    .   (no shield)
rNeg    . . .      Spirit   .   X - +4 ring mail of Moral Flaws {Contam rElec rF++ rCorr}
rPois   .          Reflect  .   a - +0 hat of the Antique God {Int+5 Dex+2 SInv}
rElec   +          Harm     .   b - +2 cloak {Will+}
rCorr   +          Rampage  .   (no gloves)
Will    ++...                   g - +2 pair of boots
Stlth   ++++......              P - amulet of regeneration
HPRegen 1.06/turn               d - +4 ring of protection
MPRegen 0.21/turn               R - +4 ring of slaying

@: mighty, lethally poisoned (-3 -> -9), studying 2 skills, drained
A: reduced essence, claws 2, horns 2, foul stench 3, weakness stinger 2
a: Renounce Religion, Recall Ancestor, Ancestor Identity, Transference, Idealise


You were on level 1 of the Elven Halls.
You worshipped Hepliaklqana.
Hepliaklqana was exalted by your worship.
You visited 5 branches of the dungeon, and saw 24 of its levels.
You visited the Abyss 1 time.
You also visited: Ossuary, Gauntlet and Volcano.

You collected 3840 gold pieces.
You spent 1129 gold pieces at shops.

Inventory:

Hand Weapons
 k - the +9 trident "Emukk" (weapon) {venom, rF+ Int+3 SInv}
   (You took it off a gnoll sergeant on level 5 of the Dungeon)

   It poisons the flesh of those it strikes.
   Int:       It affects your intelligence (+3).
   rF:        It protects you from fire.
   SInv:      It lets you see invisible.
 I - a +3 scimitar of flaming
 J - a +6 dagger of speed
 L - the +2 falchion of Wyrd {vorpal, *Rage rElec Int+2 Dex+3}
   (You found it on level 14 of the Dungeon)

   It inflicts extra damage upon your enemies.
   Int:       It affects your intelligence (+2).
   Dex:       It affects your dexterity (+3).
   rElec:     It insulates you from electricity.
   *Rage:     It berserks you when you make melee attacks (+20% chance).
Missiles
 h - 5 throwing nets
 A - 2 atropa-tipped darts
 N - a curare-tipped dart
 W - 8 silver javelins
Armour
 a - the +0 hat of the Antique God (worn) {Int+5 Dex+2 SInv}
   (You found it in a Gauntlet)

   Int:       It affects your intelligence (+5).
   Dex:       It affects your dexterity (+2).
   SInv:      It lets you see invisible.
 b - a +2 cloak of willpower (worn)
 g - a +2 pair of boots (worn)
 m - a +2 kite shield
 C - a +2 hat of willpower
 X - the +4 ring mail of Moral Flaws (worn) {Contam rElec rF++ rCorr}
   (You took it off an orc on level 15 of the Dungeon)

   rF:        It greatly protects you from fire.
   rElec:     It insulates you from electricity.
   Contam:    It causes magical contamination when unequipped.
   rCorr:     It protects you from acid and corrosion.
Jewellery
 c - a +6 ring of strength
 d - a +4 ring of protection (left claw)
 j - a ring of magical power
 q - a ring of protection from fire
 t - a ring of ice
 v - a +6 ring of intelligence
 E - a ring of positive energy
 O - a ring of resist corrosion
 P - an amulet of regeneration (around neck)
 R - a +4 ring of slaying (right claw)
 S - a +6 ring of strength
 U - a ring of ice
 Y - an amulet of reflection
Wands
 i - a wand of paralysis (9)
 p - a wand of roots (19)
 H - a wand of flame (43)
 M - a wand of mindburst (16)
Scrolls
 n - 3 scrolls of blinking
 y - 6 scrolls of identify
 D - 5 scrolls of vulnerability
 F - a scroll of fog
 K - 5 scrolls of enchant weapon
 Q - a scroll of poison
 T - 3 scrolls of fear
Potions
 e - 4 potions of mutation
 f - 5 potions of cancellation
 o - 5 potions of curing
 r - 4 potions of brilliance
 s - 7 potions of might
 u - 6 potions of ambrosia
 x - 3 potions of haste
 z - 4 potions of flight
 B - 7 potions of attraction
 G - 10 potions of lignification
 V - 3 potions of resistance


   Skills:
 + Level 9.1 Fighting
 + Level 8.7 Short Blades
 + Level 8.8 Polearms
 + Level 6.8 Armour
 + Level 8.6 Dodging
 + Level 9.5 Stealth
 * Level 9.1 Spellcasting
 + Level 9.3 Conjurations
 - Level 5.0 Hexes
 + Level 10.6 Summonings
 + Level 9.0 Fire Magic
 + Level 6.0 Air Magic
 * Level 13.1 Invocations


You had 5 spell levels left.
You knew the following spells:

 Your Spells              Type           Power      Damage    Failure   Level
a - Foxfire               Conj/Fire      100%       2x1d9     1%          1
b - Scorch                Fire           100%       2d10      1%          2
c - Summon Small Mammal   Summ           100%       N/A       1%          1
d - Call Canine Familiar  Summ           67%        N/A       1%          3
e - Summon Guardian Gole  Hex/Summ       57%        N/A       1%          3
f - Summon Lightning Spi  Summ/Air       59%        N/A       3%          4
g - Flame Wave            Conj/Fire      62%        2d14      2%          4
h - Apportation           Tloc           26%        N/A       10%         1
i - Inner Flame           Hex/Fire       54%        N/A       1%          3
j - Summon Cactus Giant   Summ           33%        N/A       19%         6

Your spell library contained the following spells:

 Spells                   Type           Power      Damage    Failure   Level
 Static Discharge         Conj/Air       56%        3-10/arc  1%          2
 Conjure Flame            Conj/Fire      62%        6-21      1%          3
 Swiftness                Air            49%        N/A       2%          3
 Sticky Flame             Conj/Fire      62%        2d8       2%          4
 Confusing Touch          Hex            43%        N/A       3%          3
 Ensorcelled Hibernation  Hex/Ice        56%        N/A       4%          2
 Poisonous Vapours        Pois/Air       62%        N/A       4%          2
 Ignite Poison            Fire/Tmut/Pois 31%        N/A       9%          3
 Beastly Appendage        Tmut           26%        N/A       10%         1
 Necrotise                Necr           52%        1d6       10%         1
 Sting                    Tmut/Pois      52%        1d5       10%         1
 Portal Projectile        Hex/Tloc       56%        N/A       10%         3
 Lightning Bolt           Conj/Air       28%        1d44      11%         5
 Summon Mana Viper        Hex/Summ       57%        N/A       11%         5
 Blink                    Tloc           26%        N/A       14%         2
 Passwall                 Tmut/Erth      10%        N/A       14%         2
 Wereblood                Tmut           13%        N/A       14%         2
 Gell's Gravitas          Tloc           13%        N/A       28%         3
 Lesser Beckoning         Tloc           13%        N/A       28%         3
 Spider Form              Tmut/Pois      13%        N/A       28%         3
 Teleport Other           Tloc           13%        N/A       28%         3
 Summon Forest            Summ/Tloc      22%        N/A       28%         5
 Anguish                  Hex/Necr       14%        N/A       32%         4
 Leda's Liquefaction      Hex/Erth       14%        N/A       32%         4
 Dispel Undead            Necr           13%        3d9       67%         4
 Olgreb's Toxic Radiance  Pois           13%        N/A       67%         4
 Yara's Violent Unravell  Hex/Tmut       14%        3d7       67%         5
 Alistair's Intoxication  Tmut/Pois      8%         N/A       95%         5
 Borgnjor's Vile Clutch   Necr/Erth      6%         N/A       95%         5
 Lee's Rapid Deconstruct  Erth           6%         3d7*      95%         5
 Manifold Assault         Tloc           13%        N/A       95%         5
 Summon Hydra             Summ           33%        N/A       71%         7
 Eringya's Noxious Bog    Tmut/Pois      6%         N/A       100%        6
 Statue Form              Tmut/Erth      8%         N/A       100%        6
 Enfeeble                 Hex            21%        N/A       100%        7
 Storm Form               Tmut/Air       15%        N/A       100%        7
 Maxwell's Capacitive Co  Air            24%        ∞         100%        8


Dungeon Overview and Level Annotations

Branches:
Dungeon (15/15)            Temple (1/1) D:7            Lair (5/5) D:9
 Shoals (0/4) Lair:3        Snake (0/4) Lair:3        Slime (0/5) Lair:4
    Orc (2/2) D:10            Elf (1/3) Orc:2        Vaults (0/5) D:13
 Depths (0/4) D:15        Ossuary (visited)         Volcano (visited)
Gauntlet (visited)

Altars:
Ashenzari
Cheibriados
Dithmenos
Fedhas
Gozag
Hepliaklqana
Kikubaaqudgha
Makhleb
Nemelex Xobeh
Okawaru
Qazlal
Ru
Sif Muna
Trog
Uskayaw
Vehumet
Wu Jian
Xom
Yredelemnul
Jiyva

Shops:
D:5 !(   D:15 (   Orc:1 (   Orc:2 !*((   Elf:1 ?

Portals:
Trove: D:14 (give +7 demon trident)

Annotations:
Elf:1 Jorgrun


Innate Abilities, Weirdness & Mutations

Your life essence is reduced to manifest your ancestor. (-10% HP)
You have very sharp fingernails.
You have a pair of horns on your head.
You frequently emit foul miasma when damaged in melee.
You have a tail ending in a sharp stinger.


Message History

Jorgrun shouts!
You feel sick.
The necromancer gestures wildly while chanting.
The necromancer binds the souls of nearby monsters.
What are your orders? t - Shout!
Orders for allies: a - Attack new target. r - Retreat! s - Stop attacking. g - Guard the area. f - Follow me.
Anything else - Cancel.
Gang up on whom?
Press: ? - help, Dir - move target, f - Jorgrun
Aim: Jorgrun, wielding a +0 vorpal quarterstaff and wearing a +0 robe (soul bound)
Okay, then.
Okay, then.
Okay, then.
Casting: Scorch (safe; 1% risk of failure)
Confirm with . or Enter, or press ? or * to list all spells.
An electric hum fills the air.
You feel sick.
The necromancer gestures at you while chanting.
The bolt of negative energy hits you!!
You feel drained.
* * * LOW HITPOINT WARNING * * *
Okay, then.
A +2 trident of venom comes into view.
You feel sick.
Jorgrun says, "'tis place shall be yer tomb!"
You feel mightier all of a sudden.
You feel sick.
Found 18 gold pieces.
You feel sick.
You are no longer poisoned.
Jorgrun hits your lightning spire but does no damage.
The necromancer hits your lightning spire but does no damage.
Your lightning spire shoots out a bolt of lightning at Jorgrun!
The bolt of electricity hits Jorgrun!
The +2 trident of venom hits you from afar!
* * * LOW HITPOINT WARNING * * *
You are poisoned.
The necromancer casts a spell at you. The bolt of negative energy hits you!
You feel drained.
You die...

##..## #.
#....# #..
#....# ....
#....#.....
#....#...
##.......
##.)...#
#......#
##..@..#
##).8(#
##.pg[...
.........
$.........
..........
##..(.....#
##......#.


You could see Jorgrun (soul bound, ally target), a necromancer, a +2 trident of
venom and a friendly lightning spire (summoned).

Vanquished Creatures
  The ghost of Sylig the Brawler, a journeyman CeMo of Okawaru (D:15)
  A minotaur (Gauntlet)
  A great orb of eyes (D:15)
  2 rakshasas (D:15)
  4 boulder beetles
  6 hydras
  2 two-headed ogres
  3 centaur warriors
  2 dancing weapons (Elf:1)
  An orc high priest (D:15)
  3 deep elf knights (Elf:1)
  The ghost of Anandil the Trooper, a novice DsBe of Trog (D:7)
  A glowing orange brain (D:11)
  A necromancer (Elf:1)
  2 deep elf pyromancers (Elf:1)
  A nameless horror (Elf:1)
  Pikel (D:3)
  6 orc knights
  8 ugly things
  3 deep elf zephyrmancers
  An oklob plant (Lair:4)
  4 orc sorcerers (Orc:2)
  A wolf spider (Lair:5)
  3 cyclopes
  A moth of wrath (Gauntlet)
  4 elephants (Lair:5)
  Maurice (D:8)
  5 black mambas
  A guardian serpent (Lair:5)
  A merfolk siren (Lair:3)
  7 cane toads
  A torpor snail (Lair:4)
  The ghost of jziggy the Insei, a novice GnTm (D:5)
  2 rime drakes
  A freezing wraith (D:14)
  Maggie (D:9)
  3 komodo dragons
  A minotaur zombie (Gauntlet)
  7 trolls
  3 hornets
  10 blink frogs
  7 polar bears
  3 slime creatures
  4 raiju (Lair:5)
  3 dream sheep
  2 shadows
  18 yaks
  A vampire (D:13)
  2 wraiths
  A ynoxinul (Abyss:1)
  5 wyverns
  Grum (D:9)
  A fire elemental (Elf:1)
  4 redbacks
  2 basilisks
  2 steam dragons (D:8)
  4 wargs (Lair:5)
  A naga (Lair:3)
  9 water moccasins
  4 hell hounds
  3 sky beasts
  11 orc warriors
  6 black bears (Lair:5)
  2 ogres
  2 centaurs
  24 wolves
  A lemure (D:4)
  7 bullfrogs
  2 kobold brigands (D:7)
  A necrophage (D:4)
  3 scorpions
  A gnoll sergeant (D:5)
  3 water moccasin zombies (Ossuary)
  4 wights
  6 killer bees
  2 howler monkeys
  5 electric eels
  3 hounds
  A small abomination (Abyss:1)
  15 orc priests
  3 jellies
  4 gnoll boudas
  4 iguanas
  20 orc wizards
  A human simulacrum (D:12)
  2 mummies (Ossuary)
  28 gnolls
  9 adders
  A white imp (D:6)
  6 adder zombies (Ossuary)
  A worm (D:4)
  5 dart slugs
  49 orcs
  2 ball pythons
  6 endoplasms
  3 giant cockroaches
  7 hobgoblins
  3 jackals (D:1)
  7 quokkas
  5 bats
  A frilled lizard (D:1)
  3 gnoll zombies (Ossuary)
  10 goblins
  A goblin zombie (D:6)
  7 hobgoblin zombies (Ossuary)
  11 kobolds
  2 kobold zombies (Ossuary)
  4 orc zombies (Ossuary)
  8 rats
  A rat zombie (D:6)
  A bush (Lair:5)
500 creatures vanquished.

Vanquished Creatures (collateral kills)
  Gastronok (D:12)
  A cacodemon (D:11)
  An orc warlord (Orc:2)
  Azrael (Elf:1)
  Josephine (D:11)
  Fannar (D:12)
  The ghost of sargonster the Cleaver, a journeyman DgFi (D:11)
  A rakshasa (D:14)
  A two-headed ogre (D:13)
  2 hydras
  Erica (Orc:1)
  2 dancing weapons (Elf:1)
  2 tengu warriors
  An alligator (Lair:5)
  2 orc high priests (Orc:2)
  Nergalle (Orc:1)
  A deep elf archer (Elf:1)
  An orc knight (D:15)
  An obsidian statue (Gauntlet)
  2 deep elf pyromancers
  A harpy (shapeshifter) (D:15)
  6 deep elf zephyrmancers (Elf:1)
  4 manticores
  18 ugly things
  3 cyclopes
  4 elephants (Lair:5)
  2 black mambas
  7 cane toads
  An efreet (D:14)
  An unseen horror (D:11)
  2 komodo dragons
  3 trolls
  A hornet (D:10)
  4 polar bears (Lair:5)
  4 blink frogs
  A raiju (Lair:5)
  11 dream sheep
  8 slime creatures
  3 water elementals (D:14)
  2 basilisks
  3 wraiths
  6 yaks
  6 wyverns (Lair:5)
  A basilisk (shapeshifter) (D:15)
  4 redbacks
  A redback (shapeshifter) (D:15)
  3 wargs
  A naga (Lair:3)
  6 water moccasins (Lair:5)
  9 hell hounds
  20 orc warriors
  5 black bears (Lair:5)
  11 wolves
  2 centaurs (D:13)
  A nameless horror (Lair:5)
  3 bullfrogs
  A gnoll sergeant (D:5)
  4 killer bees (D:7)
  3 electric eels (D:14)
  3 lava snakes (Volcano)
  11 orc priests
  8 orc wizards
  A human simulacrum (D:12)
  A gnoll (shapeshifter) (D:11)
  An adder (shapeshifter) (D:11)
  2 gnolls (D:3)
  35 orcs
  3 kobolds (D:7)
  19 foxfires
285 creatures vanquished.

Vanquished Creatures (others)
  5 hydras
  A two-headed ogre (D:8)
  A tengu warrior (D:14)
  A deep elf knight (Elf:1)
  A deep elf zephyrmancer (Elf:1)
  A lindwurm (Lair:5)
  3 ugly things (D:11)
  3 elephants
  A black mamba (Lair:5)
  Joseph (D:8)
  A minotaur zombie (Gauntlet)
  A troll (Orc:2)
  A polar bear (Lair:5)
  A hornet (D:8)
  4 yaks
  A basilisk (Lair:1)
  A neqoxec (D:11)
  A warg (Lair:5)
  An acid dragon (shapeshifter) (D:11)
  A water moccasin (Lair:1)
  An orc warrior (D:11)
  2 black bears (D:5)
  A wolf (Lair:1)
  A gnoll sergeant (D:8)
  34 battlemagi
  2 orc priests
  5 ancestors
  3 orc wizards
  5 gnolls (D:5)
  A rat (shapeshifter) (D:11)
  A bush (Lair:5)
  1342 foxfires
  48 fungi
  116 plants
1593 creatures vanquished.

Grand Total: 2378 creatures vanquished

Notes
Turn   | Place    | Note
-------+----------+-------------------------------------------
     0 | D:1      | croobank the Demonspawn Fire Elementalist began the quest
                  | for the Orb.
     0 | D:1      | Reached XP level 1. HP: 13/13 MP: 3/3
   134 | D:2      | Discovered your monstrous ancestry.
   134 | D:2      | Gained mutation: You have sharp fingernails. [demonic
                  | ancestry]
   134 | D:2      | Reached XP level 2. HP: 19/19 MP: 0/5
   137 | D:2      | Learned a level 2 spell: Scorch
   883 | D:1      | Gained mutation: You have a pair of small horns on your
                  | head. [demonic ancestry]
   883 | D:1      | Reached XP level 3. HP: 25/25 MP: 6/6
  1429 | D:2      | Reached skill level 1 in Fighting
  1473 | D:2      | Gained mutation: You have very sharp fingernails. [demonic
                  | ancestry]
  1473 | D:2      | Reached XP level 4. HP: 32/32 MP: 2/7
  1650 | D:2      | Found a broken altar of Ashenzari.
  1904 | D:3      | Reached skill level 5 in Summonings
  1904 | D:3      | Gained mutation: You may rarely emit foul miasma when
                  | damaged in melee. [demonic ancestry]
  1904 | D:3      | Reached XP level 5. HP: 8/42 MP: 1/11
  2170 | D:2      | Learned a level 1 spell: Summon Small Mammal
  2174 | D:2      | Learned a level 3 spell: Call Canine Familiar
  2178 | D:2      | Learned a level 3 spell: Summon Guardian Golem
  2271 | D:3      | Found a bloodstained altar of Trog.
  2382 | D:3      | Found a faded altar of an unknown god.
  3095 | D:4      | Noticed a lemure
  3104 | D:4      | Killed a lemure
  3292 | D:4      | Noticed Pikel
  3293 | D:4      | Noticed a lemure
  3293 | D:4      | Noticed a lemure
  3294 | D:4      | Noticed a lemure
  3312 | D:3      | Killed Pikel
  3313 | D:3      | Reached skill level 1 in Hexes
  3313 | D:3      | Reached skill level 5 in Fire Magic
  3313 | D:3      | Reached XP level 6. HP: 15/48 MP: 1/12
  3313 | D:3      | Gained mutation: You sometimes emit foul miasma when
                  | damaged in melee. [demonic ancestry]
  3313 | D:3      | Reached XP level 7. HP: 17/54 MP: 1/13
  4408 | D:5      | Entered Level 5 of the Dungeon
  4440 | D:5      | Reached XP level 8. HP: 61/61 MP: 0/15
  4445 | D:5      | Reached skill level 5 in Stealth
  4755 | D:5      | Found Rupnih's Antique Weapon Shoppe.
  4879 | D:5      | Found Olifity's Distillery.
  4939 | D:5      | Bought a potion of might for 44 gold pieces
  5050 | D:5      | Identified the +9 trident "Emukk" {venom, rF+ Int+3 SInv}
  5075 | D:5      | Found a shimmering blue altar of Sif Muna.
  5205 | D:5      | Found a transporter.
  5205 | D:5      | Found a transporter.
  5226 | D:5      | Noticed jziggy's ghost (novice GnTm)
  6035 | D:6      | Found a sand-covered staircase.
  6047 | Ossuary  | Entered an ossuary
  6110 | Ossuary  | Reached skill level 5 in Spellcasting
  7294 | D:6      | Reached XP level 9. HP: 66/66 MP: 13/16
  7704 | D:7      | Reached skill level 5 in Conjurations
  7739 | D:7      | Found a staircase to the Ecumenical Temple.
  8002 | Temple   | Entered the Ecumenical Temple
  8235 | D:7      | Found a transporter.
  8239 | D:7      | Found a transporter.
  8240 | D:7      | Noticed Anandil's ghost (novice DsBe)
  8510 | D:7      | Reached skill level 5 in Dodging
  8662 | D:8      | Noticed a two-headed ogre
  8676 | D:8      | Killed a two-headed ogre
  8677 | D:8      | Reached skill level 5 in Fighting
  8989 | D:8      | Found a broken altar of Ashenzari.
  9096 | D:8      | Found a shadowy altar of Dithmenos.
  9214 | D:8      | Noticed Joseph
  9255 | D:8      | Killed Joseph
  9256 | D:8      | Gained mutation: You have a pair of horns on your head.
                  | [demonic ancestry]
  9256 | D:8      | Reached XP level 10. HP: 65/74 MP: 13/18
 10289 | D:8      | Reached skill level 1 in Armour
 11382 | D:9      | Noticed Maurice
 11598 | D:9      | Paralysed by Maurice for 3 turns
 11606 | D:8      | Paralysed by Maurice for 5 turns
 11607 | D:8      | Killed Maurice
 11673 | D:9      | Found a staircase to the Lair.
 12273 | D:9      | Noticed Grum
 12298 | D:9      | Killed Grum
 12448 | D:9      | Found a hazy altar of Hepliaklqana.
 12453 | D:9      | Became a worshipper of Hepliaklqana the Forgotten
 12573 | D:9      | Noticed Maggie
 12584 | D:9      | Killed Maggie
 12816 | D:10     | Entered Level 10 of the Dungeon
 12826 | D:10     | Found a radiant altar of Vehumet.
 12826 | D:10     | Found an iron altar of Okawaru.
 12830 | D:10     | Found a hide-covered altar of Uskayaw.
 12849 | D:10     | Reached skill level 1 in Invocations
 13064 | D:9      | Learned a level 4 spell: Flame Wave
 13504 | Lair:1   | Entered Level 1 of the Lair of Beasts
 13552 | Lair:1   | Noticed a black mamba
 13560 | Lair:1   | Killed a black mamba
 13624 | Lair:1   | Reached skill level 2 in Invocations
 13681 | Lair:1   | Gained mutation: You have a small tail. [demonic ancestry]
 13681 | Lair:1   | Reached XP level 11. HP: 81/81 MP: 11/19
 13749 | Lair:1   | Found a dark tunnel.
 13811 | Volcano  | Entered a volcano
 13859 | Volcano  | Reached * piety under Hepliaklqana
 14382 | Lair:1   | Noticed an eight-headed hydra
 14389 | Lair:1   | Noticed a four-headed hydra
 14389 | Lair:1   | Killed an eight-headed hydra
 14390 | Lair:1   | Reached skill level 3 in Invocations
 15025 | Lair:1   | Noticed a six-headed hydra
 15040 | Lair:1   | Killed a six-headed hydra
 15433 | Lair:1   | Learned a level 4 spell: Summon Lightning Spire
 15443 | Lair:1   | Reached skill level 4 in Invocations
 15460 | Lair:1   | Killed a four-headed hydra
 16137 | D:5      | Killed jziggy's ghost
 16138 | D:5      | Reached skill level 1 in Air Magic
 16901 | Lair:2   | Reached skill level 1 in Short Blades
 17012 | Lair:2   | Reached ** piety under Hepliaklqana
 17013 | Lair:2   | Remembered your ancestor Tiberia as a battlemage
 17085 | Lair:2   | Reached skill level 5 in Invocations
 17175 | Lair:2   | Noticed a seven-headed hydra
 17182 | Lair:2   | Killed a seven-headed hydra
 17183 | Lair:2   | Reached skill level 1 in Polearms
 17566 | Lair:3   | Gained mutation: You frequently emit foul miasma when
                  | damaged in melee. [demonic ancestry]
 17566 | Lair:3   | Reached XP level 12. HP: 65/80 MP: 21/21
 17641 | Lair:3   | Noticed a seven-headed hydra
 17660 | Lair:3   | Killed a seven-headed hydra
 17661 | Lair:3   | Reached skill level 5 in Hexes
 17783 | Lair:3   | Found a gate leading to a gauntlet.
 17804 | Lair:3   | Reached skill level 6 in Invocations
 17838 | Gauntlet | Entered a Gauntlet
 17838 | Gauntlet | Found a transporter.
 17944 | Gauntlet | Found a runed translucent door.
 17945 | Gauntlet | Found a transporter.
 17946 | Gauntlet | Found a transporter.
 17946 | Gauntlet | Found a runed translucent door.
 17955 | Gauntlet | Found a transporter.
 17963 | Gauntlet | Found a transporter.
 17963 | Gauntlet | Found a transporter.
 17964 | Gauntlet | Found a transporter.
 17965 | Gauntlet | Found a transporter.
 18022 | Gauntlet | Found a transporter.
 18033 | Gauntlet | Reached *** piety under Hepliaklqana
 18037 | Gauntlet | Found a transporter.
 18039 | Gauntlet | Found a transporter.
 18049 | Gauntlet | Found a transporter.
 18102 | Gauntlet | Identified the +0 hat of the Antique God {Int+5 Dex+2 SInv}
 18526 | Gauntlet | Noticed a minotaur
 18539 | Gauntlet | Killed a minotaur
 18882 | Lair:3   | Identified the +1 helmet "Litite Quown" {Dex+3}
 18955 | Lair:3   | Found a staircase to the Snake Pit.
 18983 | Lair:3   | Found a staircase to the Shoals.
 19720 | Lair:4   | Reached skill level 7 in Invocations
 20278 | Lair:4   | Noticed a seven-headed hydra
 20286 | Lair:4   | Killed a seven-headed hydra
 21050 | Lair:4   | Found a viscous altar of Jiyva.
 21052 | Lair:4   | Found a staircase to the Slime Pits.
 21066 | Lair:4   | Reached XP level 13. HP: 86/86 MP: 10/23
 21240 | Lair:5   | Entered Level 5 of the Lair of Beasts
 21576 | Lair:5   | Reached skill level 8 in Invocations
 21750 | Lair:5   | Reached **** piety under Hepliaklqana
 21919 | Lair:5   | Reached skill level 5 in Short Blades
 22037 | Lair:5   | Found a blossoming altar of Fedhas.
 22043 | Lair:5   | Reached skill level 5 in Polearms
 22676 | Lair:5   | Reached skill level 9 in Invocations
 23140 | Lair:5   | Reached skill level 5 in Armour
 23357 | Lair:5   | Reached XP level 14. HP: 31/93 MP: 6/25
 23736 | Lair:5   | Identified the +5 ring mail of a ziggurat {Dex+4}
 25206 | D:10     | Reached skill level 10 in Invocations
 25588 | D:10     | Found a staircase to the Orcish Mines.
 25728 | D:11     | Found a runed translucent gate.
 25729 | D:11     | Found a runed translucent gate.
 25729 | D:11     | Found a runed translucent gate.
 25915 | D:11     | Found a runed translucent gate.
 25915 | D:11     | Found a runed translucent gate.
 25915 | D:11     | Noticed a cacodemon
 25915 | D:11     | Noticed sargonster's ghost (journeyman DgFi)
 25919 | D:11     | Found a runed translucent gate.
 26066 | D:7      | Killed Anandil's ghost
 26441 | D:11     | Noticed Josephine
 26442 | D:11     | Killed Josephine
 26937 | Abyss:1  | Cast into level 1 of the Abyss (orc warrior)
 26978 | Abyss:1  | Noticed a tentacled starspawn
 26979 | D:11     | Escaped the Abyss
 27556 | D:11     | Killed sargonster's ghost
 27561 | D:11     | Killed a cacodemon
 27681 | D:11     | Learned a level 1 spell: Apportation
 27836 | D:12     | Noticed Fannar
 27849 | D:12     | Killed Fannar
 28509 | D:12     | Noticed Gastronok
 28518 | D:12     | Killed Gastronok
 28908 | D:12     | Reached ***** piety under Hepliaklqana
 29477 | D:12     | Reached skill level 11 in Invocations
 29901 | D:13     | Noticed an angel
 30102 | D:13     | Found a gate to the Vaults.
 30109 | D:13     | Reached skill level 10 in Summonings
 30389 | D:14     | Reached XP level 15. HP: 99/99 MP: 27/27
 30621 | D:14     | Identified the +1 robe of the Moon {rCorr}
 30641 | D:14     | Identified the +2 falchion of Wyrd {vorpal, *Rage rElec
                  | Int+2 Dex+3}
 31041 | D:14     | Found a portal to a secret trove of treasure.
 31799 | D:14     | Reached skill level 5 in Air Magic
 32199 | D:15     | Entered Level 15 of the Dungeon
 32372 | Orc:1    | Entered Level 1 of the Orcish Mines
 32372 | Orc:1    | Found Berghunuo's Antique Weapon Shop.
 32839 | Orc:1    | Noticed Nergalle
 32855 | Orc:1    | Killed Nergalle
 33159 | Orc:1    | Noticed Erica
 33163 | Orc:1    | Killed Erica
 33713 | Orc:2    | Entered Level 2 of the Orcish Mines
 33924 | Orc:2    | Noticed an orc warlord
 34183 | Orc:2    | Learned a level 3 spell: Inner Flame
 34186 | Orc:2    | Killed an orc warlord
 34715 | Orc:2    | Reached skill level 12 in Invocations
 34956 | Orc:2    | Found Disuggiatt's Distillery.
 34956 | Orc:2    | Found Foami's General Store.
 34973 | Orc:2    | Found Ohirhudu's Antique Weapon Shop.
 34973 | Orc:2    | Found Buej's Weapon Shop.
 34983 | Orc:2    | Bought a potion of heal wounds for 75 gold pieces
 34983 | Orc:2    | Bought a potion of heal wounds for 75 gold pieces
 35067 | Orc:2    | Found a staircase to the Elven Halls.
 35382 | Orc:2    | Learned a level 6 spell: Summon Cactus Giant
 35861 | D:15     | Found Ukeok's Weapon Shop.
 36078 | D:15     | Found a sparkling altar of Nemelex Xobeh.
 36699 | D:15     | Reached ****** piety under Hepliaklqana
 37015 | D:15     | Found a staircase to the Depths.
 37109 | D:15     | Found a runed translucent gate.
 37109 | D:15     | Found a runed translucent gate.
 37109 | D:15     | Found a runed translucent gate.
 37267 | D:15     | Identified the +9 plate armour of Uligy {Contam Rampage rF+
                  | rN++}
 37267 | D:15     | Noticed Sylig's ghost (journeyman CeMo)
 37269 | D:15     | Identified the +4 ring mail of Moral Flaws {Contam rElec
                  | rF++ rCorr}
 37481 | D:15     | Killed Sylig's ghost
 37665 | D:15     | Gained mutation: You have a tail ending in a sharp stinger.
                  | [demonic ancestry]
 37665 | D:15     | Reached XP level 16. HP: 99/107 MP: 23/28
 37747 | D:15     | Identified the +2 helmet of Udesch {Int+5 Dex-5}
 37887 | Elf:1    | Entered Level 1 of the Elven Halls
 38278 | Elf:1    | Found Iziytt's Magic Scroll Boutique.
 38382 | Elf:1    | Bought a scroll of teleportation for 51 gold pieces
 38382 | Elf:1    | Bought a scroll of acquirement for 884 gold pieces
 38382 | Elf:1    | Acquired 704 gold pieces
 38394 | Elf:1    | Noticed Azrael
 38402 | Elf:1    | Killed Azrael
 38419 | Elf:1    | Reached skill level 13 in Invocations
 38498 | Elf:1    | Noticed Jorgrun
 38504 | Elf:1    | Killed from afar by a necromancer

Illustrated notes

Levels and vault maps discovered:
D:1:      minmay_arrival_up_and_down, layout_rooms
D:2:      layout_rooms, basic_altar
D:3:      layout_loops_ring, trog_hazing_becter, basic_ecumenical_altar
D:4:      layout_rooms, serial_co_window_serial, co_window_corner_a,
          co_window_of_opportunity_a, co_window_of_opportunity_a,
          co_window_corner_a, co_window_paths_a, co_window_paths_b,
          co_window_corner_a, co_window_unsneaky_path_a, co_window_corner_b,
          co_window_broadway_b, co_window_corner_cb, glass_columns_c,
          glass_columns_a, glass_columns_a, glass_columns_c, glass_columns_a,
          kennysheep_generic_room_6, uniq_pikel
D:5:      layout_basic, general_overflow_altar, gammafunk_ghost_gnarly_gnolls,
          serial_shops, nicolae_shop_stone, nicolae_square_shop,
          dreamdust_princess_corridor, serial_park_tiny_2, due_unseen_surprise
D:6:      layout_cave_pods, enter_ossuary_4
D:7:      layout_cave_pools, temple_doors_e, gammafunk_ghost_hive
D:8:      layout_cave_pools, nicolae_ashenzari_skybound, grunt_dithmenos_smoke,
          uniq_joseph
D:9:      layout_basic, nicolae_overflow_crystal_walls, erik_lair_island,
          uniq_maggie, uniq_maurice, uniq_grum
D:10:     layout_loops_ring, grunt_temple_overflow_open, david_orc_5
D:11:     layout_roguey [special_room_orc],
          ploomutoo_gammafunk_ghost_potion_laboratory, uniq_josephine
D:12:     layout_small_grid, bh_circular_ruins, uniq_fannar, uniq_gastronok
D:13:     layout_rooms, david_vaults_1, serial_park_tiny_1, zin_angel
D:14:     layout_small_grid, serial_bayou, serial_bayou_lake_a,
          serial_bayou_ford_a, serial_bayou_shore_b, serial_bayou_pond_d,
          minmay_misc_feat_iff, nicolae_trove_entry_crystal,
          minmay_variable_closet, grunt_ministairs_4
D:15:     gammafunk_enter_depths_forms, layout_loops_ring,
          biasface_ghost_orc_armoury, serial_shops, nicolae_shop_stone,
          nemelex_xobeh_ov_fountains_minmay
Temple:   nicolae_temple_great_sept
Lair:1:   layout_chaotic_city, nicolae_volcano_entry_s_turn,
          minmay_stone_trees_small, nicolae_quartered_pool_super,
          nzn_random_ring
Lair:2:   layout_regular_city, lemuel_fruit_tree
Lair:3:   layout_regular_city, minmay_shoals_entry_lonely_mermaid,
          minmay_snake_entry_guardpost_small, gauntlet_entry_generic,
          hangedman_lair_unloving_vines, serial_bayou_shore_b,
          grunt_megastairs_2, serial_bayou_shore_b, infiniplex_staircase_pool
Lair:4:   layout_loops_ring, minmay_slime_entry_oklob_enclosed
Lair:5:   hangedman_lair_caniforms_friends, layout_concentric_octagons,
          hangedman_lair_tendril_chambers, basic_altar
Orc:1:    layout_caves, serial_shops, shop, uniq_erica, uniq_nergalle
Orc:2:    st_orc_mages, layout_caves
Elf:1:    nicolae_elf_arrival_aired_out, layout_rooms, serial_shops,
          nicolae_shop_advertising_works [nicolae_subvault_shop_adworks],
          minmay_elf_necromancy, lemuel_flamethrower_2, uniq_jorgrun,
          uniq_azrael

Skill      XL: |  1  2  3  4  5  6  7  8  9 10 11 12 13 14 15 16 |
---------------+-------------------------------------------------+-----
Stealth        | 2 4 5 6 7 8 9 |  9.5
Dodging        | 2 4 5 6 7 8 |  8.6
Fire Magic     | 3 4 5 6 7 8 9 |  9.0
Fighting       | 1 3 4 5 6 7 8 9 |  9.1
Spellcasting   | 4 5 6 7 8 9 |  9.1
Conjurations   | 4 5 6 7 8 9 |  9.3
Summonings     | 5 6 7 8 9 10 | 10.6
Hexes          | 1 2 3 4 5 |  5.0
Armour         | 2 3 4 5 6 |  6.8
Invocations    | 2 5 7 9 11 12 13 | 13.1
Air Magic      | 1 2 3 4 5 6 |  6.0
Short Blades   | 1 4 5 7 8 |  8.7
Polearms       | 1 4 5 7 8 |  8.8

Action                   |  1- 3 |  4- 6 |  7- 9 | 10-12 | 13-15 | 16-18 || total
-------------------------+-------+-------+-------+-------+-------+-------++-------
Melee: Dagger            |    44 |    39 |    82 |    72 |       |       ||   237
       Whip              |     4 |       |       |       |       |       ||     4
       Headbutt          |     6 |     7 |    18 |    28 |    80 |     8 ||   147
       Punch             |       |     1 |     3 |     4 |     3 |     1 ||    12
       Trident           |       |       |       |    69 |   328 |    34 ||   431
       Tailslap          |       |       |       |    23 |    49 |     4 ||    76
 Fire: Sling             |       |     2 |       |       |       |       ||     2
 Cast: Foxfire           |    26 |    11 |   135 |   180 |   392 |    40 ||   784
       Scorch            |     6 |    21 |    92 |   168 |   250 |    23 ||   560
       Call Canine Famil |       |     2 |     6 |     8 |    12 |     1 ||    29
       Summon Guardian G |       |       |     9 |    24 |    27 |     3 ||    63
       Flame Wave        |       |       |       |     2 |     3 |       ||     5
       Summon Small Mamm |       |       |       |     3 |     3 |       ||     6
       Summon Lightning  |       |       |       |     7 |    93 |     7 ||   107
       Apportation       |       |       |       |       |     2 |       ||     2
       Inner Flame       |       |       |       |       |     3 |       ||     3
       Summon Cactus Gia |       |       |       |       |       |     1 ||     1
Invok: Ancestor Life: Ba |       |       |       |     1 |       |       ||     1
       Recall Ancestor   |       |       |       |     3 |     2 |       ||     5
       Idealise          |       |       |       |       |     1 |       ||     1
Evoke: Wand              |       |       |       |       |    11 |       ||    11
  Use: Scroll            |     3 |     4 |     7 |    11 |     9 |     3 ||    37
       Potion            |       |     2 |     3 |    11 |       |    11 ||    27
 Stab: Sleeping          |       |     2 |     1 |       |     1 |       ||     4
       Distracted        |       |       |       |     1 |     9 |       ||    10
Armor: Robe              |     6 |    14 |    38 |    10 |       |       ||    68
       Ring mail         |       |       |       |   112 |   175 |    43 ||   330
       Steam dragon scal |       |       |       |     3 |       |       ||     3
Dodge: Dodged            |    39 |    36 |    76 |   189 |   215 |    43 ||   598
Block: Other             |       |       |       |    19 |    56 |       ||    75
       Reflection        |       |       |       |       |     1 |       ||     1
